AoeStats
← brunoaraujo

Black Forest

510211433Analyzed
2v2 RM · 2d ago on Sep 30, 2026· 70m 49s· 4 players
Game mode
Random Map
Map size
Medium (4 player)
Population
200
Speed
Normal
Resources
Standard
Victory
Conquest
Starting age
Dark Age
Ending age
Imperial Age
RankedLock teamsTeams togetherTeam positionsShared explorationLock speedFull tech treeHidden civsTurbo modeCheats
Victory
Defeat
🇧🇷 Khmer · Brazil
606
+15
🇦🇺 Shu · Australia
585
+16
🇺🇸 Ethiopians · United States
591
-16
🇺🇸 Celts · United States
564
-15
Nacho
1:57 Loom
12:39 Feudal Age
14:08 Double-Bit Axe
15:59 Wheelbarrow
17:05 Horse Collar
17:02 Man-at-Arms
22:49 Castle Age
22:02 Stone Mining
22:03 Gold Mining
23:55 Bow Saw
23:47 Heavy Plow
23:16 Crossbowman
24:54 Thumb Ring
26:26 Squires
29:26 Gold Shaft Mining
28:44 Fletching
29:27 Bodkin Arrow
35:41 Imperial Age
33:55 Stone Shaft Mining
35:19 Padded Archer Armor
35:45 Arbalester
36:43 Bracer
37:47 Hand Cart
38:31 Ballistics
38:31 Guilds
39:22 Chemistry
38:47 Leather Archer Armor
40:02 Conscription
40:30 Caravan
40:06 Elite Skirmisher
40:11 Halberdier
41:10 Forging
41:00 Scale Mail Armor
41:35 Arson
43:09 Iron Casting
42:49 Chain Mail Armor
43:05 Ring Archer Armor
43:12 Onager
45:18 Torsion Engines
45:54 Siege Onager
48:02 Plate Mail Armor
48:32 Blast Furnace
48:43 Two-Man Saw
Squire
3:49 Loom
16:00 Feudal Age
16:30 Horse Collar
17:28 Wheelbarrow
22:22 Man-at-Arms
25:07 Fletching
25:22 Padded Archer Armor
29:25 Forging
29:16 Scale Mail Armor
35:56 Castle Age
35:00 Scale Barding Armor
34:54 Arson
36:10 Town Watch
37:19 Hand Cart
37:53 Iron Casting
37:34 Chain Mail Armor
37:39 Chain Barding Armor
36:44 Light Cavalry
36:48 Elite Skirmisher
36:59 Long Swordsman
40:11 Leather Archer Armor
40:22 Heavy Plow
40:23 Gold Mining
40:59 Crossbowman
42:36 Gold Shaft Mining
41:51 Stone Mining
41:55 Double-Bit Axe
42:16 Caravan
43:00 Bodkin Arrow
43:48 Gambesons
44:09 Husbandry
46:46 Ballistics
52:56 Imperial Age
54:11 Plate Mail Armor
54:41 Blast Furnace
54:12 Ring Archer Armor
54:12 Cavalier
fingalbang
0:38 Loom
16:42 Feudal Age
18:03 Wheelbarrow
17:14 Town Watch
17:21 Double-Bit Axe
18:06 Horse Collar
19:10 Gold Mining
20:00 Stone Mining
33:02 Castle Age
34:03 Heavy Plow
34:41 Gold Shaft Mining
34:31 Bow Saw
36:59 Caravan
38:31 Coinage
39:50 Hand Cart
40:22 Gambesons
40:00 Crossbowman
40:04 Light Cavalry
41:40 Murder Holes
42:43 Squires
42:50 Thumb Ring
42:46 Husbandry
45:34 Imperial Age
43:11 Town Patrol
43:36 Arson
43:13 Elite Skirmisher
43:56 Coiled Serpent Array
43:53 Pikeman
43:59 Man-at-Arms
46:48 Conscription
45:49 Elite White Feather Guard
46:30 Bolt Magazine
47:54 Banking
48:41 Two-Man Saw
49:18 Heavy Hei Guang Cavalry
52:32 Heated Shot
52:24 Treadmill Crane
52:37 Guard Tower
53:02 Forging
52:42 Fletching
53:03 Scale Mail Armor
53:08 Scale Barding Armor
53:03 Padded Archer Armor
54:27 Halberdier
54:32 Long Swordsman
56:02 Two-Handed Swordsman
56:04 Arbalester
56:52 Champion
57:53 Fletching
58:18 Fortified Wall
57:55 Arrowslits
62:39 Bodkin Arrow
63:00 Leather Archer Armor
63:01 Chain Mail Armor
63:06 Chain Barding Armor
71:24 Guilds
brunoaraujo
1:40 Loom
16:37 Feudal Age
17:54 Wheelbarrow
17:02 Horse Collar
17:44 Double-Bit Axe
17:49 Town Watch
19:20 Gold Mining
23:05 Stone Mining
28:48 Castle Age
28:06 Scale Barding Armor
28:11 Forging
28:31 Fishing Lines
29:46 Hand Cart
30:15 Bow Saw
30:18 Heavy Plow
30:22 Husbandry
30:34 Bloodlines
31:39 Gold Shaft Mining
32:24 Chain Barding Armor
33:33 Stone Shaft Mining
33:26 Caravan
34:08 Iron Casting
34:11 Light Cavalry
35:20 Sanctity
40:21 Imperial Age
39:04 Fervor
39:08 Scale Mail Armor
41:02 Gillnets
41:58 Town Patrol
43:02 Plate Barding Armor
41:51 Cavalier
42:57 Masonry
42:58 Fortified Wall
43:26 Crop Rotation
44:23 Architecture
44:22 Conscription
44:40 Hoardings
47:53 Blast Furnace
46:17 Elite Ballista Elephant
49:59 Tusk Swords
50:01 Double Crossbow
51:40 Chain Mail Armor
53:10 Hussar
62:35 Elite Battle Elephant
65:54 Fletching
65:53 Sappers
66:44 Onager
66:47 Heavy Scorpion
69:46 Pikeman
70:14 Arson
70:04 Man-at-Arms
70:39 Halberdier
Connection lost

Rejoining the realm…

Still unreachable

The connection could not be restored.

Session expired

The server has moved on; the page needs a fresh start.